AoeStats
← Rex Incognito

Arena

509880746Analyzed
4v4 RM · 5d ago on Sep 28, 2026· 46m 25s· 8 players
Game mode
Random Map
Map size
Large (8 player)
Population
200
Speed
Normal
Resources
Standard
Victory
Conquest
Starting age
Dark Age
Ending age
Imperial Age
RankedLock teamsTeams togetherTeam positionsShared explorationLock speedFull tech treeHidden civsTurbo modeCheats
Victory
Defeat
🇨🇳 Italians · China
1248
+9
🇹🇼 Persians · Taiwan
1112
+15
🇹🇼 Shu · Taiwan
1083
+16
🇨🇳 Danes · China
954
+20
🇭🇰 Varangians · Hong Kong SAR China
1145
-18
🇨🇳 Bohemians · China
1112
-16
🇨🇳 Franks · China
1112
-16
🇨🇳 Danes · China
950
-10
OG.faker
10:31 Feudal Age
15:01 Castle Age
12:54 Double-Bit Axe
16:57 Bow Saw
20:23 Fervor
22:01 Wheelbarrow
21:09 Horse Collar
23:50 Hand Cart
27:34 Imperial Age
26:48 Chemistry
27:37 Padded Archer Armor
29:21 Two-Man Saw
29:44 Wagenburg Tactics
30:00 Conscription
30:05 Siege Engineers
30:30 Leather Archer Armor
31:21 Heavy Plow
31:51 Houfnice
32:29 Man-at-Arms
33:16 Long Swordsman
33:59 Two-Handed Swordsman
34:53 Forging
34:43 Scale Mail Armor
35:05 Champion
38:04 Chain Mail Armor
40:01 Squires
43:01 Pikeman
44:40 Iron Casting
Kobe-Bryant
3:50 Loom
11:32 Feudal Age
15:58 Castle Age
15:22 Double-Bit Axe
24:32 Wheelbarrow
28:20 Forging
29:38 Scale Barding Armor
32:06 Imperial Age
30:13 Husbandry
30:46 Hand Cart
30:20 Town Watch
31:08 Chain Barding Armor
32:25 Iron Casting
31:55 Town Patrol
33:46 Gold Mining
34:13 Bow Saw
33:58 Stone Mining
33:46 Cavalier
35:29 Blast Furnace
35:04 Plate Barding Armor
34:32 Scale Mail Armor
36:27 Paladin
38:39 Chain Mail Armor
39:30 Pikeman
40:10 Squires
39:55 Arson
40:55 Squires
41:30 Plate Mail Armor
Rex Incognito
10:42 Feudal Age
14:49 Castle Age
12:42 Double-Bit Axe
13:03 Horse Collar
16:46 Heavy Plow
16:58 Bow Saw
20:02 Scale Mail Armor
25:46 Chain Mail Armor
25:42 Forging
29:18 Wheelbarrow
28:28 Loom
32:04 Hand Cart
34:56 Iron Casting
37:49 Imperial Age
37:15 Loom
39:04 Plate Mail Armor
39:34 Blast Furnace
39:10 Coinage
38:37 Elite Jomsviking
39:57 Fletching
40:38 Conscription
41:33 Gambesons
41:48 Squires
41:09 Elite Varangian Guard
42:53 Gold Mining
42:55 Stone Mining
42:38 Hamask
42:47 Pikeman
43:16 Halberdier
43:58 Bodkin Arrow
45:25 Bracer
46:34 Hand Cart
MasterXuanyi
10:59 Feudal Age
15:03 Castle Age
13:08 Double-Bit Axe
13:58 Horse Collar
17:55 Bow Saw
19:40 Loom
21:02 Gold Mining
22:26 Stone Mining
25:01 Wheelbarrow
29:23 Imperial Age
26:18 Light Cavalry
27:51 Heavy Plow
27:53 Scale Mail Armor
28:11 Squires
27:57 Pikeman
28:23 Arson
29:07 Chain Mail Armor
29:44 Hand Cart
29:25 Capped Ram
30:39 Elite Varangian Guard
33:01 Plate Mail Armor
34:24 Conscription
34:32 Forging
36:34 Iron Casting
37:18 Halberdier
46:45 Blast Furnace
Kuo
10:59 Feudal Age
14:41 Castle Age
12:40 Horse Collar
13:22 Double-Bit Axe
15:44 Bow Saw
16:15 Heavy Plow
18:09 Loom
22:40 Scale Barding Armor
25:04 Husbandry
25:18 Bloodlines
32:11 Wheelbarrow
32:32 Town Watch
35:28 Imperial Age
33:28 Gold Mining
33:30 Stone Mining
33:51 Forging
34:02 Chain Barding Armor
34:52 Fletching
35:37 Iron Casting
35:07 Cavalier
39:22 Two-Man Saw
38:23 Kamandaran
38:44 Conscription
39:08 Crop Rotation
39:14 Gold Shaft Mining
38:36 Bodkin Arrow
38:42 Padded Archer Armor
39:17 Plate Barding Armor
39:43 Blast Furnace
39:05 Ballistics
39:46 Chemistry
39:19 Light Cavalry
40:21 Hand Cart
40:50 Coinage
40:39 Citadels
39:57 Crossbowman
40:42 Thumb Ring
42:46 Leather Archer Armor
42:19 Savar
42:21 Hussar
44:24 Ring Archer Armor
43:43 Elite War Elephant
45:33 Banking
45:53 Murder Holes
46:12 Scale Mail Armor
apple58112327
0:47 Loom
10:55 Feudal Age
15:54 Castle Age
14:08 Stone Mining
14:11 Double-Bit Axe
14:41 Horse Collar
15:29 Gold Mining
21:14 Wheelbarrow
20:40 Fletching
20:34 Crossbowman
21:19 Thumb Ring
32:32 Bow Saw
39:32 Hand Cart
46:00 Imperial Age
44:22 Town Watch
44:35 Bodkin Arrow
44:41 Padded Archer Armor
46:00 Ballistics
45:21 Treadmill Crane
83716497273
10:17 Feudal Age
13:53 Castle Age
12:30 Double-Bit Axe
13:22 Horse Collar
23:07 Bow Saw
24:30 Wheelbarrow
24:31 Gold Mining
25:50 Gold Shaft Mining
25:06 Stone Mining
25:24 Stone Mining
25:23 Loom
25:53 Hand Cart
26:29 Heavy Plow
27:48 Scale Mail Armor
30:25 Imperial Age
28:16 Forging
29:11 Chain Mail Armor
29:16 Gambesons
29:31 Squires
31:18 Iron Casting
30:30 Capped Ram
31:42 Plate Mail Armor
30:36 Elite Varangian Guard
31:28 Siege Engineers
31:21 Siege Ram
32:30 Northmen's Fury
33:31 Conscription
35:40 Blast Furnace
34:03 Hamask
37:18 Arson
39:38 Pikeman
40:11 Halberdier
43:56 Fletching
44:37 Town Watch
44:49 Bodkin Arrow
45:17 Ballistics
45:57 Chemistry
44:52 Murder Holes
45:08 Masonry
46:34 Town Patrol
WEN
11:19 Feudal Age
12:28 Double-Bit Axe
14:54 Castle Age
13:07 Horse Collar
17:02 Bow Saw
19:10 Loom
24:23 Wheelbarrow
24:20 Heavy Plow
24:12 Gold Mining
28:37 Imperial Age
26:26 Scale Mail Armor
26:37 Forging
26:39 Stone Mining
28:10 Chain Mail Armor
28:37 Stone Shaft Mining
28:52 Iron Casting
28:29 Squires
28:16 Arson
29:37 Conscription
29:11 Treadmill Crane
30:32 Chemistry
29:53 Ballistics
29:44 Masonry
30:44 Chemistry
30:04 Ballistics
31:18 Architecture
30:58 Fortified Wall
31:14 Ballistics
32:24 Plate Mail Armor
32:54 Blast Furnace
35:15 Blast Furnace
34:18 Man-at-Arms
35:49 Padded Archer Armor
36:13 Fletching
42:23 Pirotechnia
43:36 Two-Man Saw
43:19 Crop Rotation
Connection lost

Rejoining the realm…

Still unreachable

The connection could not be restored.

Session expired

The server has moved on; the page needs a fresh start.